AoeStats
← NDF

Arabia

504384555Analyzed
1v1 RM · 27d ago on Sep 5, 2026· 23m 10s· 2 players
Game mode
Random Map
Map size
Tiny (2 player)
Population
200
Speed
Normal
Resources
Standard
Victory
Conquest
Starting age
Dark Age
Ending age
Imperial Age
RankedLock teamsTeams togetherTeam positionsShared explorationLock speedFull tech treeHidden civsTurbo modeCheats
Victory
Defeat
🇦🇷 Teutons · Argentina
487
+18
🇺🇸 Lithuanians · United States
527
-18
NDF
3:27 Loom
14:17 Feudal Age
15:22 Man-at-Arms
17:18 Gold Mining
24:21 Castle Age
22:16 Stone Mining
John Spider-Man
7:47 Loom
10:30 Feudal Age
11:23 Man-at-Arms
14:54 Forging
16:54 Double-Bit Axe
16:53 Horse Collar
21:09 Fletching
Connection lost

Rejoining the realm…

Still unreachable

The connection could not be restored.

Session expired

The server has moved on; the page needs a fresh start.